 Dungeon Crawl Stone Soup version 0.22.1-1-ga44c0e56f4 (webtiles) character file.

14421 Morbidden the Severer (level 11, -4/92 HPs)
             Began as a Minotaur Fighter on Oct 13, 2018.
             Was a Priest of Okawaru.
             Splashed by an orc warrior's acid (12 damage)
             ... on level 12 of the Dungeon.
             The game lasted 00:29:07 (10154 turns).

Morbidden the Severer (Minotaur Fighter)           Turns: 10154, Time: 00:29:08

Health: -4/92      AC: 28    Str: 24    XL:     11   Next: 88%
Magic:  12/12      EV:  5    Int:  5    God:    Okawaru [***...]
Gold:   321        SH: 12    Dex: 10    Spells: 10/10 levels left

rFire    . . .     SeeInvis .   E - +5 war axe
rCold    . . .     Gourm    .   c - +0 shield
rNeg     . . .     Faith    .   g - +5 crystal plate armour
rPois    .         Spirit   .   (helmet restricted)
rElec    .         Reflect  .   (no cloak)
rCorr    .         Harm     .   r - +0 pair of gloves
MR       .....                  m - +2 pair of boots
Stlth    ..........             (no amulet)
HPRegen  0.25/turn              (no ring)
MPRegen  0.13/turn              (no ring)

@: corroded
A: retaliatory headbutt, horns 2
a: Heroism, Renounce Religion


You were on level 12 of the Dungeon.
You worshipped Okawaru.
Okawaru was most pleased with you.
You were not hungry.

You visited 2 branches of the dungeon, and saw 11 of its levels.
You also visited: Sewer and Bailey.

You collected 408 gold pieces.
You spent 87 gold pieces at shops.

Inventory:

Hand Weapons
 E - a +5 war axe (weapon)
Missiles
 n - 4 throwing nets (quivered)
Armour
 c - a +0 shield (worn)
 g - a +5 crystal plate armour (worn)
 m - a +2 pair of boots (worn)
 r - a +0 pair of gloves (worn)
Jewellery
 e - a +5 amulet of reflection
Wands
 j - a wand of enslavement (19)
 v - a wand of random effects (31)
 x - a wand of acid (6)
 A - a wand of disintegration (1)
 B - a wand of flame (58)
Scrolls
 l - 6 scrolls of teleportation
 p - 3 scrolls of remove curse
 q - a scroll of silence {unknown}
 t - a scroll of fear
 w - 2 scrolls of magic mapping
 y - 2 scrolls of identify
 z - a scroll of fog {unknown}
 C - 2 scrolls of vulnerability {unknown}
 D - 3 scrolls of enchant weapon
 F - a scroll of holy word {unknown}
 H - a scroll of brand weapon {unknown}
Potions
 a - 2 potions of lignification {unknown}
 b - 2 potions of cancellation
 d - a potion of might
 h - a potion of curing
 i - 2 potions of agility
 k - a potion of haste
 o - 2 potions of brilliance
 s - a potion of berserk rage
 u - 3 potions of flight
 G - 2 potions of heal wounds
Comestibles
 f - 18 rations
 I - 7 chunks of flesh


   Skills:
 + Level 7.1 Fighting
 * Level 15.0 Axes
 + Level 13.4 Armour
 + Level 2.0 Dodging
 + Level 9.5 Shields
 * Level 3.0 Invocations


You had 10 spell levels left.
You didn't know any spells.
Your spell library contained the following spells:

 Spells                   Type           Power        Failure   Level  Hunger
 Poisonous Vapours        Pois/Air       #.....       100%        2    ###....
 Conjure Flame            Conj/Fire      #.......     100%        3    ####...
 Mephitic Cloud           Conj/Pois/Air  #.......     100%        3    ####...
 Freezing Cloud           Conj/Ice/Air   #.........   100%        6    #######
 Ring of Flames           Chrm/Fire      #.........   100%        7    #######


Dungeon Overview and Level Annotations

Branches:
Dungeon (9/15)             Temple (1/1) D:4
   Lair: D:8-11         Orc: D:9-12

Altars:
Ashenzari
Cheibriados
Dithmenos
Elyvilon
Fedhas
Gozag
Hepliaklqana
Kikubaaqudgha
Makhleb
Nemelex Xobeh
Okawaru
Qazlal
Ru
Sif Muna
Trog
Uskayaw
Vehumet
Wu Jian
Xom
Yredelemnul
Zin
The Shining One

Shops:
D:4 ?   D:8 =*=

Annotations:
D:4 3 runed doors, Anatei's ghost, novice MiAK; Gargoyl's ghost, amateur CeAK


Innate Abilities, Weirdness & Mutations

You reflexively headbutt those who attack you in melee.
You have a pair of horns on your head.


Message History

The orc warrior zaps a wand.
The bolt of acid hits you! The acid corrodes you!
You are splashed with acid!
The acid burns!
* * * LOW HITPOINT WARNING * * *
You hit the orc warrior.
You headbutt the orc warrior, but do no damage.
The orc warrior is severely wounded.
You hit the orc. The orc hits you but does no damage.
You hit the orc warrior but do no damage.
The orc warrior is severely wounded.
You slash the orc!
You kill the orc!
Okawaru accepts your kill.
The orc warrior hits you with a war axe.
* * * LOW HITPOINT WARNING * * *
Your crystal plate armour prevents you from hitting the orc warrior.
The orc warrior is severely wounded.
The orc warrior zaps a wand.
The bolt of acid hits you!
* * * LOW HITPOINT WARNING * * *
You are splashed with acid!
The acid burns!
You die...

######.. #.# #.#
##.####.###.##
........(....######.
....................
###.###.#.##(.#####
# ...#.##..#
#..###.##..#
#..........#
#..###.#@[.# ##
#.#.o)# #.#...#
#'#...# ....# .....#
...... ........


You could see an orc warrior.

Vanquished Creatures
  Harold (D:7)
  A hydra (D:9)
  Pikel (D:8)
  An orc knight (Bailey)
  2 cyclopes (D:12)
  Joseph (D:7)
  A troll (D:12)
  5 slime creatures (D:12)
  Eustachio (D:4)
  4 vampire mosquitoes (D:12)
  Edmund (D:5)
  14 orc warriors
  A water moccasin (D:9)
  A sky beast (D:9)
  2 slaves (D:8)
  An ice beast (D:7)
  6 ogres
  2 phantoms
  2 centaurs
  A gnoll sergeant (D:9)
  3 bullfrogs
  3 scorpions
  4 wights (D:8)
  2 howler monkeys (D:12)
  5 crimson imps
  2 bullfrog zombies
  A quasit (D:12)
  2 jellies
  3 bullfrog skeletons
  3 hounds
  2 orc priests
  5 iguanas
  Natasha (thrice) (D:4)
  10 orc wizards
  8 worker ants
  A hound zombie (D:6)
  A worker ant zombie (D:8)
  13 gnolls
  13 adders
  2 howler monkey skeletons
  A river rat (D:3)
  A shadow imp (D:8)
  7 oozes
  An adder skeleton (D:9)
  9 worms
  3 dart slugs
  5 leopard geckos
  23 orcs
  15 bats
  7 giant cockroaches
  9 goblins
  6 hobgoblins
  15 jackals
  2 quokkas
  2 ball pythons (Sewer)
  7 frilled lizards
  12 kobolds
  A leopard gecko skeleton (D:4)
  5 rats
  A spectral orc (D:5)
267 creatures vanquished.

Vanquished Creatures (others)
  5 orc warriors (Bailey)
  A centaur (D:6)
  A big kobold (D:8)
  A bullfrog (D:8)
  3 howler monkeys (D:8)
  5 orcs (Bailey)
  8 fungi (D:4)
  3 withered plants (D:4)
27 creatures vanquished.

Grand Total: 294 creatures vanquished

Notes
Turn   | Place    | Note
-------+----------+-------------------------------------------
     0 | D:1      | Morbidden the Minotaur Fighter began the quest for the Orb.
     0 | D:1      | Reached XP level 1. HP: 19/19 MP: 0/0
    53 | D:1      | Reached skill level 3 in Axes
    61 | D:1      | Reached XP level 2. HP: 15/26 MP: 1/1
   290 | D:1      | Reached skill level 4 in Axes
   354 | D:1      | Reached XP level 3. HP: 17/31 MP: 2/2
   834 | D:2      | Reached skill level 5 in Axes
   840 | D:2      | Reached XP level 4. HP: 38/39 MP: 3/3
  1422 | D:3      | Reached skill level 6 in Axes
  1963 | D:3      | Reached XP level 5. HP: 46/46 MP: 4/4
  2018 | D:3      | Found a glowing drain.
  2022 | Sewer    | Entered a sewer
  2633 | D:3      | Found a shadowy altar of Dithmenos.
  2751 | D:4      | Reached skill level 7 in Axes
  3058 | D:4      | Reached XP level 6. HP: 32/52 MP: 5/5
  3089 | D:4      | Noticed Natasha
  3124 | D:4      | HP: 2/52 [gnoll/halberd (13)]
  3448 | D:4      | Reached skill level 8 in Axes
  3472 | D:4      | Found a runed gate.
  3476 | D:4      | Found a runed gate.
  3477 | D:4      | Found a runed gate.
  3478 | D:4      | Noticed Gargoyl's ghost (amateur CeAK)
  3478 | D:4      | Noticed Anatei's ghost (novice MiAK)
  3487 | D:4      | Reached XP level 7. HP: 52/59 MP: 6/6
  3528 | D:4      | Found Dypod's Magic Scroll Shop.
  3577 | D:4      | Reached skill level 5 in Shields
  3674 | D:4      | Killed Natasha
  3686 | D:4      | Noticed Eustachio
  3716 | D:4      | Killed Eustachio
  3770 | D:4      | Noticed Natasha
  3776 | D:4      | Killed Natasha
  3776 | D:4      | Reached skill level 9 in Axes
  3834 | D:4      | Reached skill level 1 in Dodging
  3953 | D:4      | Noticed Natasha
  3959 | D:4      | Killed Natasha
  4022 | D:4      | Found a staircase to the Ecumenical Temple.
  4078 | Temple   | Entered the Ecumenical Temple
  4236 | D:5      | Entered Level 5 of the Dungeon
  4257 | D:5      | Reached XP level 8. HP: 66/66 MP: 7/7
  4364 | D:5      | Found a radiant altar of Vehumet.
  4392 | D:5      | Noticed Edmund
  4404 | D:5      | Killed Edmund
  4471 | D:5      | Reached skill level 10 in Axes
  4706 | D:5      | Found a basalt altar of Yredelemnul.
  4946 | D:5      | Found a shimmering altar of Xom.
  4948 | D:5      | Found a deep blue altar of Sif Muna.
  5406 | D:6      | Reached skill level 11 in Axes
  6026 | D:6      | Reached skill level 5 in Armour
  6161 | D:7      | Found a flagged portal.
  6177 | D:7      | Reached XP level 9. HP: 59/73 MP: 8/8
  6187 | Bailey   | Entered a bailey
  6211 | Bailey   | Reached skill level 5 in Fighting
  6675 | Bailey   | HP: 2/74 [orc warrior/bolt (12)]
  6687 | Bailey   | Reached skill level 12 in Axes
  7376 | Bailey   | Found a roughly hewn altar of Beogh.
  7376 | Bailey   | Noticed an orc knight
  7404 | Bailey   | Killed an orc knight
  7404 | Bailey   | Reached skill level 13 in Axes
  7418 | Bailey   | Reached XP level 10. HP: 49/83 MP: 9/9
  7451 | Bailey   | Got a scorched amethyst amulet
  7456 | Bailey   | Reached XP level 11. HP: 64/89 MP: 10/10
  7458 | Bailey   | Identified the amulet of Miuc {Acrobat rF+ rN++ Str+3
                  | Stlth-} (You found it in a bailey)
  7527 | D:7      | Noticed Harold
  7546 | D:7      | Killed Harold
  7561 | D:7      | Noticed Joseph
  7577 | D:7      | Killed Joseph
  7714 | D:7      | Found an iron altar of Okawaru.
  7736 | D:7      | Became a worshipper of Warmaster Okawaru
  8008 | D:7      | Found a glowing silver altar of Zin.
  8261 | D:8      | Noticed Pikel
  8288 | D:8      | Killed Pikel
  8536 | D:8      | Reached skill level 1 in Invocations
  8765 | D:8      | Found Myaxkeck's Assorted Antiques.
  8772 | D:8      | Bought 3 scrolls labeled KOXZUQ QETIOS for 87 gold pieces
  8879 | D:8      | Found Keugywk's Jewellery Boutique.
  8917 | D:8      | Found a sacrificial altar of Ru.
  9016 | D:8      | Found a glowing golden altar of the Shining One.
  9027 | D:8      | Found Zaullotz's Jewellery Shop.
  9043 | D:8      | Reached skill level 14 in Axes
  9661 | D:9      | Found an ornate altar of the Wu Jian Council.
  9724 | D:9      | Reached * piety under Okawaru
  9953 | D:9      | Noticed a four-headed hydra
  9963 | D:9      | Killed a five-headed hydra
  9970 | D:9      | You fall through a shaft for 3 floors!
 10015 | D:12     | Reached ** piety under Okawaru
 10109 | D:12     | Reached *** piety under Okawaru
 10109 | D:12     | Reached skill level 15 in Axes
 10154 | D:12     | Splashed by an orc warrior's acid

Skill      XL: |  1  2  3  4  5  6  7  8  9 10 11 |
---------------+----------------------------------+-----
Axes           | 3 4 5 6 7 8 9 11 13 15 | 15.0
Armour         | 4 5 6 13 | 13.4
Shields        | 4 6 7 8 9 |  9.5
Fighting       | 4 5 7 |  7.1
Dodging        | 1 2 |  2.0
Invocations    | 3 |  3.0

Action                   |  1- 3 |  4- 6 |  7- 9 | 10-12 || total
-------------------------+-------+-------+-------+-------++-------
Melee: War axe           |    92 |   224 |   280 |   310 ||   906
       Headbutt          |     6 |    36 |    37 |    69 ||   148
Evoke: Wand              |       |       |       |    13 ||    13
  Use: Scroll            |       |    11 |     3 |    13 ||    27
       Potion            |       |     5 |     5 |     1 ||    11
 Stab: Invisible         |       |       |     9 |       ||     9
  Eat: Chunk             |       |     9 |     7 |     8 ||    24
       Ration            |       |       |     2 |       ||     2
Armor: Scale mail        |    21 |       |       |       ||    21
       Chain mail        |    18 |   129 |   129 |       ||   276
       Crystal plate arm |       |       |       |   177 ||   177
Dodge: Dodged            |    25 |    47 |    74 |    49 ||   195
Block: Shield            |    57 |   147 |   272 |   138 ||   614
       Reflection        |       |       |    64 |       ||    64
